 Dungeon Crawl Stone Soup version 0.30-a0-1160-g6e42c06551 (webtiles) character file.

Game seed: 17492843678355508513

5170 Bruce1nR the Basher (level 10, -1/76 HPs)
             Began as a Human Fighter on Apr 27, 2023.
             Was a Believer of Dithmenos.
             Slain by Maggie
             ... wielding a +0 long sword of draining
              (5 damage)
             ... on level 8 of the Dungeon.
             The game lasted 00:56:58 (6308 turns).

Bruce1nR the Basher (Human Fighter)                 Turns: 6308, Time: 00:56:59

Health: -1/76      AC: 18    Str: 21 (22) XL:     10   Next: 90%
Magic:  0/10       EV:  7    Int: 13      God:    Dithmenos [**....]
Gold:   467        SH:  6    Dex: 21      Spells: 9/9 levels left

rFire   . . .        a - +1 flail
rCold   . . .        c - +0 buckler
rNeg    . . .        j - +0 plate armour
rPois   .            e - +1 helmet
rElec   .            (no cloak)
rCorr   .            (no gloves)
SInv    .            (no boots)
Will    .....        g - amulet of guardian spirit Stlth
                     B - ring "Farusm" {Int+6 Slay+5}
HPRegen 1.12/turn    u - +6 ring of dexterity
MPRegen 0.12/turn

%: guardian spirit
@: about to teleport, wreathed by umbra, studying Throwing
A: iridescent scales 1, deterioration 1, regeneration 1, strong 1
a: Renounce Religion, Shadow Step


You were on level 8 of the Dungeon.
You worshipped Dithmenos.
Dithmenos was pleased with you.
You visited 2 branches of the dungeon, and saw 9 of its levels.

You collected 467 gold pieces.

Inventory:

Hand Weapons
 a - a +1 flail (weapon)
Missiles
 f - 23 poisoned darts (quivered)
Armour
 c - a +0 buckler (worn)
 e - a +1 helmet (worn)
 j - a +0 plate armour (worn)
Jewellery
 b - a +4 ring of slaying
 g - an amulet of guardian spirit (around neck)
 u - a +6 ring of dexterity (right hand)
 w - a ring of willpower
 B - the ring "Farusm" (left hand) {Int+6 Slay+5}
   (You took it off a centaur warrior on level 7 of the Dungeon)

   [ring of intelligence]

   Int:       It affects your intelligence (+6).
   Slay:      It affects your accuracy & damage with ranged weapons and melee
   (+5).
Wands
 n - a wand of polymorph (10)
 x - a wand of digging (10)
 A - a wand of mindburst (12)
Scrolls
 h - 4 scrolls of teleportation
 k - a scroll of fog {unknown}
 o - a scroll of blinking {unknown}
 s - a scroll of fear {unknown}
 v - 2 scrolls of amnesia {unknown}
 y - a scroll of brand weapon {unknown}
 z - 2 scrolls of enchant armour {unknown}
 D - a scroll of acquirement {unknown}
Potions
 d - a potion of invisibility
 i - 3 potions of mutation
 l - a potion of ambrosia
 m - a potion of lignification
 p - a potion of magic {unknown}
 q - a potion of heal wounds {unknown}
 r - 4 potions of curing
 t - a potion of cancellation {unknown}
 C - a potion of berserk rage {unknown}


   Skills:
 + Level 6.2 Fighting
 + Level 9.8 Maces & Flails
 + Level 6.8 Throwing
 + Level 8.4 Armour
 + Level 1.5 Dodging
 + Level 0.8 Stealth
 + Level 5.8 Shields


You had 9 spell levels left.
You didn't know any spells.
Your spell library contained the following spells:

 Spells                   Type           Power      Damage    Failure   Level
 Beastly Appendage        Tmut           0%         N/A       100%        1
 Shock                    Conj/Air       0%         1d3       100%        1
 Wereblood                Tmut           0%         N/A       100%        2
 Spider Form              Tmut/Pois      0%         N/A       100%        3
 Swiftness                Air            0%         N/A       100%        3
 Airstrike                Air            0%         2d(0-16)  100%        4


Dungeon Overview and Level Annotations

Branches:
Dungeon (8/15)             Temple (1/1) D:4
   Lair: D:8-11

Altars:
Ashenzari
Dithmenos
Elyvilon
Fedhas
Gozag
Hepliaklqana
Kikubaaqudgha
Makhleb
Okawaru
Qazlal
Ru
Sif Muna
Trog
Uskayaw
Wu Jian
Yredelemnul
Zin

Shops:
D:4 [*

Annotations:
D:7 2 transporters, PirateVox's ghost, novice MfGl
D:8 Maggie


Innate Abilities, Weirdness & Mutations

You are partially covered in iridescent scales. (AC +2)
Your body sometimes deteriorates upon taking damage.
Your natural rate of healing is unusually fast.
Your muscles are strong. (Str +4, Int/Dex -1)


Message History

A two-headed ogre comes into view.
It is wielding a +0 giant club and a +0 giant spiked club.
The killer bee stings you.
The two-headed ogre shouts in stereo!
You thump the killer bee!
You kill the killer bee!
Dithmenos accepts your kill.
You feel very sick.
You feel very sick.
You feel very sick.
You feel very sick.
You feel sick.
You see here 8 stones.
You feel sick.
You feel sick.
You feel sick.
You feel sick.
You closely miss the two-headed ogre.
You feel sick. The two-headed ogre barely misses you.
The two-headed ogre hits you with a +0 giant spiked club!!
* * * LOW HITPOINT WARNING * * *
Your body deteriorates!
You feel weakened.
You feel sick.
You feel sick.
You are no longer poisoned.
Maggie and an orc come into view.
Maggie is wielding a +0 long sword of draining.
Maggie shouts!
You hear a shout!
The orc moves out of view.
As you read the scroll of teleportation, it crumbles to dust.
You feel strangely unstable.
The two-headed ogre attacks as you move away!
The two-headed ogre hits you with a +0 giant club!!
* * * LOW HITPOINT WARNING * * *
You block the two-headed ogre's attack. Maggie gestures at you while chanting.
The bolt of fire hits you!
* * * LOW HITPOINT WARNING * * *
Maggie attacks as you move away!
Maggie hits you with a +0 long sword of draining.
You die...

###. #. ...# #. #..###
#. #.... #. #...# #.
#...##### #. #........
####.##########..####.
#....@O.......(.......
#.##.@.########..†....
###.# #....... ...
##.####. ...## ... ..
.###. #.## #. o# # #..
.. ...


You could see Maggie and a two-headed ogre.

Vanquished Creatures
  A boulder beetle (D:7)
  A two-headed ogre (D:7)
  A centaur warrior (D:7)
  An unseen horror (D:5)
  A troll (D:5)
  A vampire mosquito (D:7)
  2 water moccasins (D:5)
  3 orc warriors (D:7)
  2 ice beasts (D:7)
  2 sky beasts (D:7)
  3 black bears
  2 ogres
  2 centaurs (D:7)
  A phantom (D:6)
  4 bullfrogs
  A kobold brigand (D:6)
  2 scorpions
  7 killer bees
  2 hounds
  An orc priest (D:7)
  3 jellies
  2 orc wizards
  3 sleepcaps
  2 iguanas (D:4)
  6 adders
  2 shadow imps
  2 white imps
  4 worms
  A dart slug (D:2)
  9 orcs
  7 endoplasms
  A giant cockroach (D:4)
  10 goblins
  4 hobgoblins
  6 jackals
  5 quokkas
  8 ball pythons
  11 bats
  4 frilled lizards
  7 kobolds
  8 rats
145 creatures vanquished.

Notes
Turn   | Place    | Note
-------+----------+-------------------------------------------
     0 | D:1      | Bruce1nR the Human Fighter began the quest for the Orb.
     0 | D:1      | Reached XP level 1. HP: 18/18 MP: 1/1
   174 | D:1      | Reached XP level 2. HP: 24/24 MP: 2/2
   515 | D:1      | Gained mutation: Your muscles are strong. (Str +4, Int/Dex
                  | -1) [potion of mutation]
   515 | D:1      | Gained mutation: Your body sometimes deteriorates upon
                  | taking damage. [potion of mutation]
   515 | D:1      | Gained mutation: Your natural rate of healing is unusually
                  | fast. [potion of mutation]
   515 | D:1      | Gained mutation: You are partially covered in iridescent
                  | scales. (AC +2) [potion of mutation]
   821 | D:1      | Reached XP level 3. HP: 29/29 MP: 3/3
  1403 | D:2      | Reached XP level 4. HP: 35/35 MP: 4/4
  1627 | D:3      | You fall into a shaft and drop 1 floor!
  1627 | D:4      | Found a staircase to the Ecumenical Temple.
  1640 | Temple   | Entered the Ecumenical Temple
  1660 | Temple   | Became a worshipper of Dithmenos the Shadowed
  1708 | D:4      | Noticed an ogre
  1827 | D:3      | Reached skill level 3 in Maces & Flails
  1850 | D:3      | Reached XP level 5. HP: 38/41 MP: 5/5
  2194 | D:3      | Found a white marble altar of Elyvilon.
  2292 | D:4      | Found Zoasonoa's Antique Armour Emporium.
  2292 | D:4      | Found Agayrate's Overcharged Wands.
  2502 | D:4      | Reached XP level 6. HP: 47/47 MP: 6/6
  2569 | D:4      | Reached skill level 4 in Maces & Flails
  2737 | D:4      | Killed an ogre
  2737 | D:4      | Reached * piety under Dithmenos
  3001 | D:5      | Entered Level 5 of the Dungeon
  3001 | D:5      | Found a burning altar of Makhleb.
  3009 | D:5      | Noticed an ogre
  3022 | D:5      | Killed an ogre
  3023 | D:5      | Reached skill level 5 in Maces & Flails
  3023 | D:5      | Reached XP level 7. HP: 36/53 MP: 3/7
  3225 | D:5      | Noticed a water moccasin
  3236 | D:5      | Killed a water moccasin
  3687 | D:5      | Reached skill level 1 in Throwing
  3839 | D:5      | Killed an unseen horror
  3840 | D:5      | Reached skill level 6 in Maces & Flails
  3840 | D:5      | Reached skill level 5 in Armour
  3840 | D:5      | Reached XP level 8. HP: 50/61 MP: 4/8
  4623 | D:6      | Noticed a troll
  4634 | D:5      | Killed a troll
  4635 | D:5      | Reached XP level 9. HP: 28/67 MP: 4/9
  4678 | D:6      | Reached skill level 5 in Fighting
  4678 | D:6      | Reached skill level 7 in Maces & Flails
  4898 | D:6      | Reached skill level 1 in Dodging
  5078 | D:7      | Reached ** piety under Dithmenos
  5095 | D:7      | Noticed a boulder beetle
  5169 | D:7      | Killed a boulder beetle
  5170 | D:7      | Reached skill level 5 in Shields
  5285 | D:7      | Reached skill level 8 in Maces & Flails
  5327 | D:7      | Reached XP level 10. HP: 76/76 MP: 10/10
  5339 | D:7      | Reached skill level 5 in Throwing
  5529 | D:7      | Identified the ring "Farusm" {Int+6 Slay+5}
  5529 | D:7      | Noticed a centaur warrior
  5543 | D:7      | Killed a centaur warrior
  5544 | D:7      | Reached skill level 9 in Maces & Flails
  5643 | D:7      | Found a transporter.
  5645 | D:7      | Noticed a two-headed ogre
  5664 | D:7      | Killed a two-headed ogre
  5686 | D:7      | Noticed a deep elf pyromancer
  5686 | D:7      | Noticed PirateVox's ghost (novice MfGl)
  5687 | D:7      | Found a transporter.
  6288 | D:8      | Noticed a two-headed ogre
  6304 | D:8      | Noticed Maggie
  6306 | D:8      | HP: 3/76 [Maggie/bolt of fire (9)]
  6308 | D:8      | Slain by Maggie

Illustrated notes

Levels and vault maps discovered:
D:1:      dpeg_arrival_fog, layout_loops_corners
D:2:      layout_basic
D:3:      layout_loops_cross, elyvilon_altar_1
D:4:      layout_loops_ring, minmay_temple_entry_grid, serial_shops, shop,
          nicolae_shop_overcharged_wands
D:5:      layout_layer_cave, mainiacjoe_overflow_paths, minmay_manual_monstrance
D:6:      layout_cave_pools
D:7:      nzn_winding_woodlands_three_and_one
          [nzn_winding_woodlands_5x15_concentric,
          nzn_winding_woodlands_5x15_zeroes, nzn_winding_woodlands_5x15_jagged,
          nzn_winding_woodlands_center_diamonds], layout_gridville,
          gammafunk_ghost_arena, chequers_serial_rivers_large_b,
          grunt_ministairs_6, amcnicky_mini_rare_corridor_liquid
D:8:      layout_loops_ring, gammafunk_ghost_spectres, uniq_joseph, uniq_maggie
Temple:   nicolae_temple_bog_church

Skill      XL: |  1  2  3  4  5  6  7  8  9 10 |
---------------+-------------------------------+-----
Maces & Flails | 3 5 6 8 9 |  9.8
Armour         | 4 5 6 7 8 |  8.4
Shields        | 4 5 |  5.8
Fighting       | 4 5 6 |  6.2
Throwing       | 1 2 4 6 |  6.8
Dodging        | 1 |  1.5
Stealth        | |  0.8

Action                     |  1- 3 |  4- 6 |  7- 9 | 10-12 || total
---------------------------+-------+-------+-------+-------++-------
  Melee: Flail             |   113 |   117 |   195 |   103 ||   528
  Throw: Dart              |       |     5 |    45 |    16 ||    66
    Use: Scroll            |     6 |     4 |     3 |     4 ||    17
         Potion            |     1 |       |     7 |       ||     8
 Armour: Scale mail        |    66 |    12 |       |       ||    78
         Chain mail        |       |    30 |       |       ||    30
         Plate armour      |       |    13 |   193 |    73 ||   279
  Dodge: Dodged            |    56 |    37 |    74 |    40 ||   207
  Block: Buckler           |    26 |    30 |    50 |    42 ||   148

Table legend: (Time is in decaauts)
 A = Elapsed time spent in this place.
 B = Non-inter-level travel time spent in this place.
 C = Inter-level travel time spent in this place.
 D = Time resting spent in this place.
 E = Time spent auto-exploring this place.
 F = Levels seen in this place.
 G = Mean time per level.
                   A        B        C        D        E       F      G
               +--------+--------+--------+--------+--------+-----+--------+
         Total |   6420 |   5179 |   1241 |      0 |   3336 |   9 |  713.3 |
       Dungeon |   6374 |   5175 |   1199 |      0 |   3336 |   8 |  796.8 |
        Temple |     45 |      3 |     42 |      0 |      0 |   1 |   45.0 |
               +--------+--------+--------+--------+--------+-----+--------+

Top non-repeatable levels by time:
     D:5: 1550 daAuts
     D:7: 1119 daAuts
     D:1: 979 daAuts
     D:4: 807 daAuts
     D:2: 673 daAuts
     D:3: 561 daAuts
     D:6: 544 daAuts
     D:8: 139 daAuts
  Temple: 45 daAuts
